 Dungeon Crawl Stone Soup version 0.21.1-1-g345015f (webtiles) character file.

358 glosham the Skirmisher (level 6, 0/94 HPs)
             Began as a Troll Berserker on Apr 14, 2018.
             Was a Believer of Trog.
             Slain by a sky beast (1 damage)
             ... on level 6 of the Dungeon.
             The game lasted 00:24:37 (1249 turns).

glosham the Skirmisher (Troll Berserker)            Turns: 1249, Time: 00:24:38

Health: 0/94       AC:  2    Str: 31    XL:     6   Next: 37%
Magic:  0/5        EV: 14    Int:  3    God:    Trog [**....]
Gold:   111        SH:  0    Dex: 11    Spells: 5/5 levels left

rFire    . . .     SeeInvis +   a - +0 hand axe
rCold    . . .     Gourm    +   (no shield)
rNeg     . . .     Faith    .   i - +0 animal skin
rPois    .         Spirit   +   (helmet restricted)
rElec    .         Reflect  .   Y - +0 cloak
rCorr    .         Harm     .   (gloves unavailable)
MR       .....                  (boots unavailable)
Stlth    ..........             z - amulet of guardian spirit
HPRegen  0.65/turn              A - ring of see invisible
MPRegen  0.09/turn              B - +4 ring of evasion

@: berserking (expiring), corroded, very quick
A: large, unfitting armour, claws 3, fast metabolism 3, gourmand, regeneration
1, shaggy fur 1, tough skin 2
a: Berserk, Trog's Hand, Burn Spellbooks, Renounce Religion


You were on level 6 of the Dungeon.
You worshipped Trog.
Trog was pleased with you.
You were very full.

You visited 1 branch of the dungeon, and saw 6 of its levels.

You collected 111 gold pieces.

Inventory:

Hand Weapons
 a - a +0 hand axe (weapon)
 b - a +2 quarterstaff of chaos
Armour
 i - a +0 animal skin (worn)
 Y - a +0 cloak (worn)
Jewellery
 f - a +5 amulet of reflection
 z - an amulet of guardian spirit (around neck)
 A - a ring of see invisible (left claw)
 B - a +4 ring of evasion (right claw)
Scrolls
 j - 3 scrolls of remove curse
Potions
 d - a potion of magic {unknown}
 e - a potion of curing
 g - a potion of flight {unknown}
 h - a potion of brilliance
Comestibles
 c - 7 rations


   Skills:
 * Level 4.5 Fighting
 * Level 4.5 Axes
 - Level 2.4 Dodging


You had 5 spell levels left.
You didn't know any spells.

Dungeon Overview and Level Annotations

Branches:
Dungeon (6/15)
 Temple: D:4-7

Altars:
Ashenzari
Cheibriados

Annotations:
D:2 rock vault


Innate Abilities, Weirdness & Mutations

You are too large for most types of armour.
You have claws for hands.
Your metabolism is lightning-fast.
You like to eat raw meat.
Your natural rate of healing is unusually fast.
You are covered in fur. (AC +1)
You have very tough skin. (AC +2)


Message History

Unknown command.
You hit the jelly. The acid corrodes you!
Your claws burn!
* * * LOW HITPOINT WARNING * * *
The jelly is moderately wounded.
The jelly hits you but does no damage.
You slash the jelly!
Your claws burn!
* * * LOW HITPOINT WARNING * * *
The jelly is severely wounded.
You slash the jelly!
You kill the jelly!
Trog accepts your kill.
You have reached level 6!
Your experience leads to an increase in your attributes!
Your base attributes are Str 25, Int 3, Dex 10.
Increase (S)trength, (I)ntelligence, or (D)exterity?
You feel agile.
You feel stronger.
You barely miss the ice beast. You slash the quokka!
You kill the quokka!
Trog accepts your kill.
You slash the ice beast!
The ice beast is moderately wounded.
The ice beast hits you.
* * * LOW HITPOINT WARNING * * *
The ice beast freezes you!
* * * LOW HITPOINT WARNING * * *
You slash the ice beast!
The ice beast is almost dead.
The ice beast barely misses you.
You barely miss the ice beast.
The ice beast is almost dead.
You closely miss the sky beast. The ice beast misses you.
You hit the ice beast.
You kill the ice beast!
Trog accepts your kill.
You miss the sky beast. The sky beast hits you.
* * * LOW HITPOINT WARNING * * *
The sky beast shocks you.
* * * LOW HITPOINT WARNING * * *
You miss the sky beast. The sky beast hits you.
You die...

..............#......###
........................
..............#........#
..............#...J....#
..............#..[.....#
..............#........#
............##.#####..#
...........##Y# .#
..........##@#
.........#...# #...#
#...# ....# .#...#
.....# . .####


You could see a sky beast.

Vanquished Creatures
  An ice beast (D:6)
  A bullfrog (D:6)
  A howler monkey (D:6)
  A jelly (D:6)
  Crazy Yiuf (D:2)
  A worker ant (D:6)
  3 adders (D:2)
  A worm (D:2)
  3 dart slugs
  2 leopard geckos (D:1)
  An orc (D:6)
  6 bats
  4 giant cockroaches
  2 goblins (D:1)
  4 hobgoblins
  8 kobolds
  A quokka (D:6)
  2 ball pythons (D:1)
  2 frilled lizards
  6 rats (D:1)
51 creatures vanquished.

Notes
Turn   | Place    | Note
-------+----------+-------------------------------------------
     0 | D:1      | glosham the Troll Berserker began the quest for the Orb.
     0 | D:1      | Reached XP level 1. HP: 22/22 MP: 0/0
    44 | D:2      | Found a snail-covered altar of Cheibriados.
   160 | D:2      | Noticed an ogre
   182 | D:2      | Reached XP level 2. HP: 29/29 MP: 1/1
   303 | D:2      | Reached skill level 3 in Fighting
   303 | D:2      | Reached skill level 3 in Axes
   384 | D:2      | Reached XP level 3. HP: 37/37 MP: 2/2
   421 | D:2      | Found a runed door.
   425 | D:2      | Noticed Crazy Yiuf
   441 | D:2      | Killed Crazy Yiuf
   441 | D:2      | Reached XP level 4. HP: 45/45 MP: 3/3
   572 | D:1      | Found a shattered altar of Ashenzari.
   664 | D:2      | Reached ** piety under Trog
  1164 | D:5      | Entered Level 5 of the Dungeon
  1218 | D:6      | Noticed a bullfrog
  1231 | D:6      | Killed a bullfrog
  1231 | D:6      | Reached skill level 4 in Fighting
  1231 | D:6      | Reached skill level 4 in Axes
  1231 | D:6      | Reached XP level 5. HP: 21/54 MP: 1/4
  1239 | D:6      | Noticed a sky beast
  1240 | D:6      | Noticed an ice beast
  1243 | D:6      | Reached XP level 6. HP: 22/62 MP: 2/5
  1245 | D:6      | HP: 8/94 [ice beast (12)]
  1248 | D:6      | Killed an ice beast
  1248 | D:6      | HP: 1/94 [sky beast (4)]
  1249 | D:6      | Slain by a sky beast

Skill      XL: |  1  2  3  4 |
---------------+-------------+-----
Fighting       | 3 4 |  4.5
Axes           | 3 4 |  4.5
Dodging        | |  2.4

Action                   |  1- 3 |  4- 6 || total
-------------------------+-------+-------++-------
Melee: Hand axe          |    61 |   100 ||   161
Invok: Berserk           |     3 |     2 ||     5
  Use: Scroll            |     4 |     1 ||     5
 Stab: Sleeping          |     1 |       ||     1
  Eat: Chunk             |    11 |    10 ||    21
Armor: Animal skin       |    19 |    24 ||    43
Dodge: Dodged            |    33 |    38 ||    71
Block: Other             |     9 |    17 ||    26
       Reflection        |     2 |     2 ||     4

Table legend:
 A = Turns spent in this place as a percentage of turns spent in the entire game.
 B = Non-inter-level travel turns spent in this place as a percentage of non-inter-level travel turns spent in the entire game.
 C = Inter-level travel turns spent in this place as a percentage of turns spent in this place.
 D = Turns resting spent in this place as a percentage of non-inter-level travel turns spent in this place.
 E = Turns spent auto-exploring this place as a percentage of non-inter-level travel turns spent in this place.
 F = Non-inter-level travel turns spent in this place divided by the number of levels of this place that you've seen.
                   A       B       C       D       E      F
               +-------+-------+-------+-------+-------+----------------------
         Total | 100.0 | 100.0 |   8.2 |   0.0 |   0.0 | 191.2
       Dungeon | 100.0 | 100.0 |   8.2 |   0.0 |   0.0 | 191.2
               +-------+-------+-------+-------+-------+----------------------

Table legend:
 A = Kills in this place as a percentage of kills in entire the game.
 B = Kills by you in this place as a percentage of kills by you in the entire game.
 C = Kills by friends in this place as a percentage of kills by friends in the entire game.
 D = Other kills in this place as a percentage of other kills in the entire game.
 E = Experience gained in this place as a percentage of experience gained in the entire game.
 F = Experience gained in this place divided by the number of levels of this place that you have seen.
                   A       B       C       D       E      F
               +-------+-------+-------+-------+-------+----------------------
         Total | 100.0 | 100.0 |   N/A |   N/A | 100.0 |  85.3
       Dungeon | 100.0 | 100.0 |   N/A |   N/A | 100.0 |  85.3
               +-------+-------+-------+-------+-------+----------------------

Vault maps used:
D:1:      roderic_chinese_lattice_arrival, ashenzari_altar_1
D:2:      nicolae_overflow_hidden_temple, lightli_corner_chamber,
          uniq_crazy_yiuf_cottage
D:3:      gammafunk_temple_overflow_pools, nicolae_overflow_crystal_walls,
          minmay_misc_feat_tiny, grunt_ministairs_2, uniq_robin, uniq_jessica,
          uniq_ijyb
D:4:      serial_shops, shop, trog_book
D:5:      first_ration, uniq_duvessa, uniq_pikel, uniq_prince_ribbit1
D:6:      minmay_temple_entry_fiery, enter_ossuary_2, portal_sewer_entry_b
